 Dungeon Crawl Stone Soup version 0.24.0-13-gcf9b3192b9 (webtiles) character file.

Game seed: 1872134624969520023, levelgen mode: deterministic

221 Matador8 the Firebug (level 5, -11/38 HPs)
             Began as a Draconian Fire Elementalist on Nov 7, 2019.
             Blown up by Ijyb (28 damage)
             ... with a disintegration bolt
             ... on level 4 of the Dungeon.
             The game lasted 00:16:02 (4114 turns).

Matador8 the Firebug (Draconian Fire Elementalist)  Turns: 4114, Time: 00:16:02

Health: -11/38     AC:  5    Str: 10    XL:     5   Next: 65%
Magic:  0/9        EV: 12    Int: 17    God:
Gold:   186        SH:  0    Dex: 11    Spells: 4/10 levels left

rFire    . . .     SeeInvis .   g - +0 short sword (venom)
rCold    . . .     Gourm    .   (no shield)
rNeg     . . .     Faith    .   (armour unavailable)
rPois    .         Spirit   .   (helmet restricted)
rElec    .         Reflect  .   (no cloak)
rCorr    .         Harm     .   (no gloves)
MR       .....                  (no boots)
Stlth    ++........             (no amulet)
HPRegen  0.12/turn              (no ring)
MPRegen  0.11/turn              (no ring)

@: no status effects
A: unfitting armour, cold-blooded, AC +5
a: no special abilities


You were on level 4 of the Dungeon.
You were not hungry.

You visited 1 branch of the dungeon, and saw 4 of its levels.

You collected 186 gold pieces.

Inventory:

Hand Weapons
 g - a +0 short sword of venom (weapon)
Jewellery
 p - an uncursed ring of magical power {unknown}
 q - an uncursed ring of protection from magic {unknown}
Scrolls
 i - 3 scrolls of teleportation {unknown}
 k - 2 scrolls of noise {unknown}
 l - 2 scrolls of remove curse {unknown}
 n - 5 scrolls of random uselessness {unknown}
 o - 3 scrolls of identify {unknown}
 r - a scroll of enchant armour {unknown}
Potions
 a - 2 potions of haste {unknown}
 c - a potion of degeneration {unknown}
 e - 2 potions of agility
 f - 2 potions of curing {unknown}
 h - a potion of flight {unknown}
 j - a potion of might {unknown}
 m - a potion of mutation {unknown}
Comestibles
 b - 6 rations


   Skills:
 - Level 1.7 Dodging
 - Level 1.7 Stealth
 - Level 3.1 Spellcasting
 + Level 3.5 Conjurations
 + Level 4.6 Fire Magic


You had 4 spell levels left.
You knew the following spells:

 Your Spells              Type           Power        Failure   Level  Hunger
a - Flame Tongue          Conj/Fire      ###..        3%          1    None
b - Throw Flame           Conj/Fire      ###...       4%          2    ##.....
c - Conjure Flame         Conj/Fire      ###.....     10%         3    ###....

Your spell library contained the following spells:

 Spells                   Type           Power        Failure   Level  Hunger
 Confusing Touch          Hex            #.....       17%         1    None
 Inner Flame              Hex/Fire       ##......     21%         3    ###....
 Sticky Flame             Conj/Fire      ###.....     32%         4    ####...
 Confuse                  Hex            #.......     45%         3    ###....
 Gell's Gravitas          Tloc           #.........   45%         3    ###....
 Petrify                  Tmut/Erth      #.......     86%         4    ####...
 Fireball                 Conj/Fire      ###.......   65%         5    ######.
 Metabolic Englaciation   Hex/Ice        #.........   99%         5    ######.
 Yara's Violent Unravell  Hex/Tmut       #.........   99%         5    ######.


Dungeon Overview and Level Annotations

Branches:
Dungeon (4/15)
 Temple: D:4-7

Altars:
Cheibriados

Annotations:
D:3 Sigmund
D:4 Ijyb


Innate Abilities, Weirdness & Mutations

Your plain brown scales are hard. (AC +5)
You cannot fit into any form of body armour.
You are cold-blooded and may be slowed by cold attacks.


Message History

Here: Ijyb, wielding a -3 club, wearing a +0 ring mail and carrying a wand of disintegration (9) (moderately wounded)
The floor, spattered with blood.
Casting: Flame Tongue (safe; 3% risk of failure)
Confirm with . or Enter, or press ? or * to list all spells.
Aiming: Flame Tongue (safe; 3% risk of failure)
Press: ? - help, Shift-Dir - straight line, f/p - Ijyb
Aim: Ijyb, wielding a -3 club, wearing a +0 ring mail and carrying a wand of disintegration (9) (moderately wounded)
The flame tongue misses Ijyb.
Ijyb hits you with a cursed -3 club.
You hit Ijyb.
Ijyb is poisoned.
You tail-slap Ijyb.
Ijyb is heavily wounded.
Ijyb zaps a wand.
You barely resist. You hit Ijyb.
Ijyb looks as sick as possible!
Ijyb is severely wounded.
Ijyb drinks a potion.
Ijyb is healed!
You barely miss Ijyb. Ijyb barely misses you.
You hit Ijyb but do no damage.
Ijyb looks as sick as possible!
Ijyb is lightly wounded.
Ijyb zaps a wand.
You are blasted!
Ouch! That really hurt!
You die...

..............# #..
.(.#..#.#.###. ..#
...#..#.#... ...
...#..#.#..## #.#
......#.#..# #.#
........#..### #.###.#
.............# #.....#
.##..##.#.##.#####.#
....(...........@g.#
....>##.#.##.#####.......
####.##.#.##.# #.###.##
#.##.#.##.#####.#
####...............#
..........##.......#
####.##.............
#.############... #.# .#


You could see Ijyb.

Vanquished Creatures
  A hound (D:4)
  An orc wizard (D:2)
  An orc priest (D:3)
  3 adders (D:3)
  A howler monkey skeleton (D:2)
  2 worms
  4 dart slugs
  A leopard gecko (D:1)
  4 orcs (D:3)
  4 giant cockroaches
  11 hobgoblins
  7 jackals (D:1)
  A quokka (D:4)
  A ball python (D:2)
  8 bats
  3 frilled lizards
  8 goblins
  6 kobolds
  10 rats
77 creatures vanquished.

Notes
Turn   | Place    | Note
-------+----------+-------------------------------------------
     0 | D:1      | Matador8 the Draconian Fire Elementalist began the quest
                  | for the Orb.
     0 | D:1      | Reached XP level 1. HP: 14/14 MP: 3/3
   398 | D:1      | Reached XP level 2. HP: 12/20 MP: 0/5
  1254 | D:1      | Reached XP level 3. HP: 24/26 MP: 0/6
  1259 | D:1      | Learned a level 3 spell: Conjure Flame
  2459 | D:2      | Found a snail-covered altar of Cheibriados.
  2495 | D:2      | Reached XP level 4. HP: 27/33 MP: 0/8
  2502 | D:2      | Learned a level 2 spell: Throw Flame
  2934 | D:3      | Reached skill level 4 in Fire Magic
  3108 | D:3      | Noticed Sigmund
  3163 | D:3      | Reached XP level 5. HP: 35/38 MP: 6/9
  4090 | D:4      | Noticed Ijyb
  4114 | D:4      | Blown up by Ijyb

Levels and vault maps discovered:
D:1:      evilmike_arrival_rings, layout_loops_ring, st_stairs_8
D:2:      layout_rooms, old_standard_altar
D:3:      layout_basic, uniq_sigmund
D:4:      layout_basic, first_ration, uniq_ijyb

Skill      XL: |  1  2  3  4  5 |
---------------+----------------+-----
Conjurations   | 2 3 |  3.5
Spellcasting   | 3 |  3.1
Fire Magic     | 4 |  4.6
Dodging        | |  1.7
Stealth        | |  1.7

Action                   |  1- 3 |  4- 6 || total
-------------------------+-------+-------++-------
Melee: Unarmed           |    52 |       ||    52
       Tailslap          |     7 |     6 ||    13
       Short sword       |    14 |    52 ||    66
 Cast: Flame Tongue      |    91 |    41 ||   132
       Conjure Flame     |       |     3 ||     3
       Throw Flame       |       |     3 ||     3
  Use: Potion            |       |     1 ||     1
 Stab: Sleeping          |       |     2 ||     2
  Eat: Chunk             |     5 |     6 ||    11
Armor: Skin              |    38 |    15 ||    53
Dodge: Dodged            |    98 |    35 ||   133
